 Dungeon Crawl Stone Soup version 0.31-a0-182-gc5ef74bbde (webtiles) character file.

Game seed: 11334690697407957952

107 2FriedEggs the Charlatan (level 4, 29/29 HPs)
             Began as an Octopode Artificer on June 20, 2023.
             Quit the game on level 3 of the Dungeon.
             The game lasted 00:05:12 (2616 turns).

2FriedEggs the Charlatan (Octopode Artificer)       Turns: 2616, Time: 00:05:13

Health: 29/29      AC:  1    Str: 11    XL:     4   Next: 85%
Magic:  4/4        EV: 13    Int: 15    God:
Gold:   135        SH:  0    Dex: 12    Spells: 3/3 levels left

rFire   . . .        (no weapon)
rCold   . . .        (no shield)
rNeg    . . .        (helmet restricted)
rPois   .            (no amulet)
rElec   .            (no ring)
rCorr   .            (no ring)
SInv    .            (no ring)
Will    .....        (no ring)
Stlth   +++          (no ring)
HPRegen 0.24/turn    (no ring)
MPRegen 0.09/turn    (no ring)
                     (no ring)

%: no passive effects
@: no status effects
A: almost no armour, amphibious, 8 rings, camouflage 1, gelatinous body 1,
(nimble swimmer 1), tentacles
a: no special abilities


You were on level 3 of the Dungeon.
You visited 1 branch of the dungeon, and saw 3 of its levels.

You collected 135 gold pieces.

Inventory:

Wands
 b - a wand of flame (11) (quivered)
 c - a wand of charming (13)
 d - a wand of iceblast (4)
Scrolls
 a - a scroll of fear {unknown}
 i - 2 scrolls of poison
 k - 2 scrolls of teleportation {unknown}
 l - a scroll of blinking {unknown}
 m - 2 scrolls of vulnerability {unknown}
 n - a scroll of identify
 o - 2 scrolls of noise {unknown}
Potions
 e - 2 potions of curing {unknown}
 f - a potion of attraction {unknown}
 g - a potion of enlightenment
 h - a potion of invisibility {unknown}
 j - a potion of magic {unknown}


   Skills:
 - Level 2.1 Fighting
 - Level 2.3 Dodging
 - Level 1.3 Stealth
 * Level 5.5 Evocations


You had 3 spell levels left.
You didn't know any spells.
Your spell library was empty.

Dungeon Overview and Level Annotations

Branches:
Dungeon (3/15)

Altars:

Annotations:
D:3 3 runed translucent doors, Smol's ghost, amateur OpFi


Innate Abilities, Weirdness & Mutations

You cannot wear most types of armour.
You are amphibious.
You can wear up to eight rings at the same time.
Your skin changes colour to match your surroundings (Stealth+).
Your rubbery body absorbs attacks. (AC +1, EV +1)
((You are camouflaged when in or above water. (Stealth+)))
You have tentacles for arms and can constrict up to eight enemies at once.


Message History

Found a dagger.
k - 2 scrolls labelled BIEXUNOUTT (gained 1)
Found a stone staircase leading down.
There is a stone staircase leading down here.
You see here a +0 dagger.
You see here a +3 whip of electrocution.
A goblin comes into view. It is wielding a +0 club.
A goblin is nearby!
A goblin is nearby!
The goblin shouts!
The goblin hits you with a +0 club.
You tentacle-slap the goblin. You grab the goblin. You squeeze the goblin.
You kill the goblin!
No target in view!
No target in view!
No target in view!
No target in view!
No target in view!
No target in view!
No target in view!
No target in view!
No target in view!
No target in view!
No target in view!
No target in view!
No target in view!
No target in view!
No target in view!
You see here a +0 club.
You see here a staff of poison.
As you open the door, it creaks loudly!
There is an open door here.
Could not explore, unopened runed door.
Your library has no spells.
You open the door.
There is an open door here.
There is a stone staircase leading down here.
Your library has no spells.
You don't know any spells.
Are you sure you want to abandon this character and quit the game? (Confirm with "yes".)

######### #........
#........ #........
##########........
#.................
#@.#######........
#....### #........
#.##...# ######..#
#.####.# #.......
#.# #.# #..#####
#######.####.# #.##
... #............##
#.# #o.
#.............# #.#
#o.
#...........#.###.#


#oo There were no monsters in sight!

Vanquished Creatures
  Terence (D:2)
  3 adders
  A worm (D:2)
  A dart slug (D:3)
  5 ball pythons
  2 endoplasms
  A giant cockroach (D:3)
  5 goblins
  6 hobgoblins
  5 jackals
  4 kobolds
  3 quokkas
  4 bats
  2 frilled lizards (D:3)
  3 rats
46 creatures vanquished.

Notes
Turn   | Place    | Note
-------+----------+-------------------------------------------
     0 | D:1      | 2FriedEggs the Octopode Artificer began the quest for the
                  | Orb.
     0 | D:1      | Reached XP level 1. HP: 13/13 MP: 1/1
   162 | D:1      | Reached XP level 2. HP: 18/18 MP: 2/2
   676 | D:2      | Reached skill level 4 in Evocations
   753 | D:2      | Noticed Terence
  1036 | D:2      | Reached XP level 3. HP: 9/24 MP: 3/3
  1441 | D:2      | Killed Terence
  1442 | D:2      | Reached skill level 5 in Evocations
  1442 | D:2      | Reached XP level 4. HP: 24/29 MP: 4/4
  1779 | D:3      | Found a large runed translucent door.
  1779 | D:3      | Found a large runed translucent door.
  2386 | D:3      | Found a runed translucent door.
  2387 | D:3      | Noticed Smol's ghost (amateur OpFi)
  2616 | D:3      | Quit the game

Illustrated notes

Levels and vault maps discovered:
D:1:      amcnicky_arrival_single_pillar, layout_loops_ring
D:2:      layout_loops_corners, serial_rivers, chequers_serial_rivers_room_b,
          chequers_serial_rivers_large_a, chequers_serial_rivers_small_a,
          chequers_serial_rivers_micro_b, uniq_terence
D:3:      layout_basic, jmf_multi_god_temple2, ebering_ghost_reflecting_pool,
          nicolae_kite_square_tiling_tiny

Skill      XL: |  1  2  3 |
---------------+----------+-----
Evocations     | 4 5 |  5.5
Fighting       | 2 |  2.1
Dodging        | |  2.3
Stealth        | |  1.3

Action                     |  1- 3 |  4- 6 || total
---------------------------+-------+-------++-------
  Melee: Unarmed           |    72 |    48 ||   120
         Constrict         |    24 |    12 ||    36
         Tentacles         |    18 |    12 ||    30
         Punch             |     1 |     2 ||     3
  Evoke: Wand              |     7 |       ||     7
    Use: Scroll            |     2 |       ||     2
   Stab: Sleeping          |     3 |       ||     3
         Distracted        |       |     1 ||     1
 Armour: Skin              |    11 |     3 ||    14
  Dodge: Dodged            |    50 |    28 ||    78

Table legend: (Time is in decaauts)
 A = Elapsed time spent in this place.
 B = Non-inter-level travel time spent in this place.
 C = Inter-level travel time spent in this place.
 D = Time resting spent in this place.
 E = Time spent auto-exploring this place.
 F = Levels seen in this place.
 G = Mean time per level.
                   A        B        C        D        E       F      G
               +--------+--------+--------+--------+--------+-----+--------+
         Total |   2616 |   2566 |     50 |    206 |   1948 |   3 |  872.0 |
       Dungeon |   2616 |   2566 |     50 |    206 |   1948 |   3 |  872.0 |
               +--------+--------+--------+--------+--------+-----+--------+

Top non-repeatable levels by time:
     D:2: 1083 daAuts
     D:3: 879 daAuts
     D:1: 653 daAuts
